 Dungeon Crawl Stone Soup version 0.22-a0-162-g33bf1272b0 (console) character file.

63 Muffindrake the Sneak (level 4, -1/30 HPs)
             Began as an Octopode Assassin on Feb 12, 2018.
             Slain by a hobgoblin (3 damage)
             ... on level 2 of the Dungeon.
             The game lasted 00:04:02 (777 turns).

Muffindrake the Sneak (Octopode Assassin)            Turns: 777, Time: 00:04:03

Health: -1/30      AC:  1    Str: 10    XL:     4   Next: 9%
Magic:  4/4        EV: 13    Int: 13    God:
Gold:   38         SH:  0    Dex: 14    Spells: 3/3 levels left

rFire    . . .     SeeInvis .   a - +2 dagger
rCold    . . .     Gourm    .   (no shield)
rNeg     . . .     Faith    .   (helmet restricted)
rPois    .         Spirit   .   (no amulet)
rElec    .         Reflect  .   (no ring)
rCorr    .         Harm     .   (no ring)
MR       .....                  (no ring)
Stlth    ++++......             (no ring)
HPRegen  0.10/turn              (no ring)
MPRegen  0.09/turn              (no ring)
                                (no ring)
                                (no ring)

@: lethally poisoned (-1 -> -5)
A: almost no armour, stealthy swim, amphibious, 8 rings, constrict 8, camouflage
1, gelatinous body 1
a: no special abilities


You were on level 2 of the Dungeon.
You were not hungry.

You visited 1 branch of the dungeon, and saw 2 of its levels.

You collected 38 gold pieces.

Inventory:

Hand Weapons
 a - a +2 dagger (weapon)
 b - a +0 blowgun
Missiles
 c - 8 poisoned needles
 d - 2 curare-tipped needles
Jewellery
 j - an uncursed ring of fire
Scrolls
 e - a scroll of noise {unknown}
 g - a scroll of teleportation {unknown}
 h - a scroll of enchant weapon {unknown}
 l - a scroll of remove curse {unknown}
 m - a scroll of fear {unknown}
 n - a scroll of identify {unknown}
Potions
 i - a potion of mutation {unknown}
 k - a potion of berserk rage {unknown}
 o - a potion of invisibility {unknown}
Comestibles
 f - 2 rations


   Skills:
 + Level 2.4 Fighting
 * Level 2.9 Short Blades
 + Level 2.4 Throwing
 + Level 1.8 Dodging
 + Level 5.7 Stealth


You had 3 spell levels left.
You didn't know any spells.

Dungeon Overview and Level Annotations

Branches:
Dungeon (2/15)

Altars:


Innate Abilities, Weirdness & Mutations

You cannot wear most types of armour.
You are very stealthy in the water. (Stealth+)
You are amphibious.
You can wear up to eight rings at the same time.
You can use your tentacles to constrict eight enemies at once.
Your skin changes colour to match your surroundings (Stealth+).
Your rubbery body absorbs attacks. (AC +1, EV +1)


Message History

You hit the adder.
You kill the adder!
You feel sick. The bat hits you but does no damage.
You completely miss the adder. Your grab misses the adder.
Your squeeze misses the adder.
You feel sick. The bat closely misses you. The adder barely misses you.
The hobgoblin completely misses you.
You hit the adder. Your grab misses the adder.
The adder is moderately wounded.
The bat hits you. The adder bites you.
* * * LOW HITPOINT WARNING * * *
The bat closely misses you. The adder closely misses you.
The hobgoblin hits you.
* * * LOW HITPOINT WARNING * * *
You hit the adder. Your grab misses the adder. Your squeeze misses the adder.
The adder is heavily wounded.
The bat closely misses you. The adder misses you.
You hit the adder. You grab the adder.
You kill the adder!
You have reached level 4!
* * * LOW HITPOINT WARNING * * *
You feel sick. The hobgoblin hits you.
You die...

. .# ########.##### #.#
†<......>. $.. #.#
..†.......###.####.#
##..............##.#
##....##..#....b##.########
...#.## #...............
####.# #.....@.......## .#
#..>gg##..##...## #
.##....##..#.....##
.........#.........######
..##..#..g..............#
...................####.#
##...#####.#.....## #.# ##
#... #.##...## #.# . #..
#.###.## #.# #### #. ..#
#.# #.. ...# .. ### #.# ###


You could see a hobgoblin, a goblin and a bat.

Vanquished Creatures
  2 adders (D:2)
  2 oozes (D:1)
  A worm (D:2)
  2 dart slugs
  A giant cockroach (D:2)
  3 goblins
  6 hobgoblins
  2 jackals (D:1)
  2 bats
  A frilled lizard (D:2)
  4 kobolds
  5 rats
31 creatures vanquished.

Notes
Turn   | Place    | Note
-------+----------+-------------------------------------------
     0 | D:1      | Muffindrake the Octopode Assassin began the quest for the Orb.
     0 | D:1      | Reached XP level 1. HP: 14/14 MP: 1/1
     4 | D:1      | Noticed a black mamba
     9 | D:1      | Noticed a black mamba
   200 | D:1      | Reached XP level 2. HP: 12/19 MP: 2/2
   551 | D:1      | Reached XP level 3. HP: 24/24 MP: 3/3
   777 | D:2      | Reached XP level 4. HP: 3/30 MP: 4/4
   777 | D:2      | Slain by a hobgoblin

Vault maps used:
D:1:      sevenhm_arrival_forest_fort_small_2, serial_bayou_pond_e
D:2:      uniq_jessica

Action                   |  1- 3 |  4- 6 || total
-------------------------+-------+-------++-------
Melee: Dagger            |    58 |       ||    58
       Constrict         |    12 |       ||    12
       Tentacles         |     6 |       ||     6
 Stab: Sleeping          |    12 |       ||    12
Armor: Skin              |     5 |       ||     5
Dodge: Dodged            |    47 |       ||    47

Table legend:
 A = Spawn XP
 B = Non-spawn XP
 C = Spawn XP percentage of total XP
 D = Spawn monster count
 E = Non-spawn monster count
 F = Spawn count percentage of total count
 G = Total turns spent on level
                    A         B        C        D         E        F      G
               +---------+---------+-------+---------+---------+-------+---------
         Total |       0 |      90 |   0.0 |       0 |      31 |   0.0 |   777
               +---------+---------+-------+---------+---------+-------+---------
           D:1 |       0 |      36 |   0.0 |       0 |      14 |   0.0 |   571
           D:2 |       0 |      54 |   0.0 |       0 |      17 |   0.0 |   206
               +---------+---------+-------+---------+---------+-------+---------
